 Dungeon Crawl Stone Soup version 0.16.1-16-gc44b35d (webtiles) character file.

30 jacksonaction the Changer (level 3, 22/23 HPs)
             Began as an Octopode Transmuter on Apr 20, 2015.
             Quit the game on level 2 of the Dungeon.
             The game lasted 00:05:32 (1061 turns).

jacksonaction the Changer (Octopode Transmuter)     Turns: 1061, Time: 00:05:32

Health: 22/23      AC:  1    Str:  9    XL:     3   Next: 20%
Magic:  6/6        EV: 12    Int: 16    God:
Gold:   128        SH:  0    Dex: 12    Spells: 2 memorised, 3 levels left

rFire  . . .     SeeInvis .       - Unarmed
rCold  . . .     Clarity  .     (no shield)
rNeg   . . .     SustAb   .     (helmet restricted)
rPois  .         Gourm    .     (no amulet)
rElec  .         Spirit   .     (no ring)
rCorr  .         Warding  .     (no ring)
rMut   .         Stasis   .     (no ring)
MR     .....                    (no ring)
Stlth  ++........               (no ring)
                                (no ring)
                                (no ring)
                                (no ring)

@: not resistant to hostile enchantments, unstealthy
A: almost no armour, amphibious, 8 rings, constrict 8, camouflage 1, gelatinous
body 1
a: no special abilities


You were on level 2 of the Dungeon.
You were hungry.

You visited 1 branch of the dungeon, and saw 2 of its levels.

You collected 128 gold pieces.

Inventory:

Missiles
 b - 11 arrows
 c - 5 tomahawks (quivered)
 j - a stone
Scrolls
 e - a scroll of fear {unknown}
 f - a scroll of magic mapping {unknown}
 g - a scroll of enchant armour {unknown}
 l - 2 scrolls of immolation {unknown}
 m - a scroll of random uselessness {unknown}
 n - a scroll of teleportation {unknown}
 o - a scroll of remove curse {unknown}
Potions
 h - a potion of flight {unknown}
 i - a potion of curing {unknown}
 p - 2 potions of might {unknown}
 q - a potion of restore abilities {unknown}
 r - 2 potions of lignification {unknown}
Books
 d - a book of Changes

   Spells                             Type                      Level
   a - Beastly Appendage              Transmutation                1
   b - Sticks to Snakes               Transmutation                2
   c - Spider Form                    Transmutation/Poison         3
   d - Ice Form                       Ice/Transmutation            4
   e - Blade Hands                    Transmutation                5
Comestibles
 a - 2 bread rations
 k - a fruit
 s - 6 chunks of flesh
 t - a meat ration


   Skills:
 - Level 1.0 Fighting
 - Level 2.0 Dodging
 - Level 3.0 Unarmed Combat
 - Level 2.0 Spellcasting
 + Level 3.5 Transmutations


You had 3 spell levels left.
You knew the following spells:

 Your Spells              Type           Power        Failure   Level  Hunger
a - Beastly Appendage     Trmt           ##....       6%          1    #......
b - Sticks to Snakes      Trmt           ##........   10%         2    ###....


Dungeon Overview and Level Annotations

Branches:
Dungeon (2/15)

Altars:
Nemelex Xobeh


Innate Abilities, Weirdness & Mutations

You cannot wear most types of armour.
You are amphibious.
You can wear up to eight rings at the same time.
You can use your tentacles to constrict many enemies at once.
Your skin changes colour to match your surroundings (Stealth).
Your rubbery body absorbs attacks (AC +1).


Message History

l - 2 scrolls labeled PNUIVVE SMAIL (gained 1)
There is a stone staircase leading down here.
t - a meat ration As you open the door, it creaks loudly!
A goblin comes into view.
The goblin shouts!
There is an open door here.
You closely miss the goblin. Your grab misses the goblin.
You closely miss the goblin. Your grab misses the goblin. The goblin hits you.
You closely miss the goblin. You grab the goblin.
You squeeze the goblin, but do no damage.
You constrict the goblin. The goblin closely misses you.
You barely miss the goblin.
The goblin is moderately wounded.
You constrict the goblin. The goblin misses you.
You tentacle-slap the goblin.
You kill the goblin!
You start resting.
You are feeling hungry.
Are you sure you want to abandon this character and quit the game? (Confirm with "yes".)

# #+#########
...###.#.#.......#
........@'.......+
##..##.#.#.......#
#.## #.#.......#
##..# #.#.......#
..... #.##.######
###..##.##.#######
....................
####.##.##.#######
#####.....##.#


There were no monsters in sight!

Vanquished Creatures
  2 worms (D:2)
  2 giant geckos (D:1)
  2 goblins
  2 hobgoblins (D:2)
  A kobold (D:1)
  A ball python (D:1)
  3 bats
  4 rats
17 creatures vanquished.

Notes
Turn   | Place    | Note
--------------------------------------------------------------
     0 | D:1      | jacksonaction, the Octopode Transmuter, began the quest for the Orb.
     0 | D:1      | Reached XP level 1. HP: 13/13 MP: 3/3
   173 | D:1      | Reached XP level 2. HP: 16/18 MP: 4/4
   177 | D:1      | Learned a level 2 spell: Sticks to Snakes
   613 | D:1      | Found a sparkling altar of Nemelex Xobeh.
   968 | D:2      | Reached XP level 3. HP: 23/23 MP: 4/6
  1061 | D:2      | Quit the game

Action                   || total
-------------------------++-------
Melee: Unarmed           ||    46
Throw: Tomahawk          ||    13
       Stone             ||     1
 Cast: Sticks to Snakes  ||     1
       Beastly Appendage ||     1
 Stab: Sleeping          ||     3
